 Dungeon Crawl Stone Soup version 0.24-a0-693-g39a19ac0f1 (webtiles) character file.

Game seed: 7518079942221122178, levelgen mode: deterministic

11099 GordonOverkill the Destroyer (level 11, -4/86 HPs)
             Began as a Barachi Fire Elementalist on Sept 28, 2019.
             Was an Elder of Sif Muna.
             Slain by a gargoyle
             ... wielding a +2 flail of draining
              (10 damage)
             ... on level 11 of the Dungeon.
             The game lasted 00:44:01 (17095 turns).

GordonOverkill the Destroyer (BaFE)                Turns: 17095, Time: 00:44:02

Health: -4/86      AC:  5    Str: 10    XL:     11   Next: 72%
Magic:  13/22      EV: 12    Int: 21    God:    Sif Muna [****..]
Gold:   567        SH:  0    Dex:  9    Spells: 2/25 levels left

rFire    + . .     SeeInvis .   C - +5 mace of Ositiod {crush, rElec Dex-4 Stlth+}
rCold    + . .     Gourm    .   (no shield)
rNeg     . . .     Faith    .   f - +2 robe {rC+}
rPois    +         Spirit   .   (no helmet)
rElec    +         Reflect  .   (no cloak)
rCorr    .         Harm     .   y - +0 pair of gloves of the Imp {Int+3}
MR       +....                  (no boots)
Stlth    ++........             j - amulet of regeneration
HPRegen  1.64/turn              p - ring of poison resistance
MPRegen  0.18/turn              v - ring "Cadghuc" {+Blink rF+ MR+}

@: regenerating, drained, slow
A: +LOS, swims, slowness 1, strong legs 1
a: Hop, Channel Magic, Forget Spell, Divine Exegesis, Renounce Religion, Evoke
Blink


You were on level 11 of the Dungeon.
You worshipped Sif Muna.
Sif Muna was greatly pleased with you.
You were hungry.

You visited 1 branch of the dungeon, and saw 11 of its levels.
You also visited: Sewer.

You collected 567 gold pieces.

Inventory:

Hand Weapons
 s - a +1 hunting sling
 C - the +5 mace of Ositiod (weapon) {crush, rElec Dex-4 Stlth+}
   (You found it on level 8 of the Dungeon)

   It inflicts extra damage upon your enemies.
   It affects your dexterity (-4).
   It insulates you from electricity.
   It makes you more stealthy.
 E - a +0 trident
 P - a +5 flail
Missiles
 i - 320 stones
 u - a silver boomerang (quivered)
 A - 27 sling bullets
 K - 6 boomerangs
 L - 2 throwing nets
Armour
 f - a +2 robe of cold resistance (worn)
 y - the +0 pair of gloves of the Imp (worn) {Int+3}
   (You found it on level 4 of the Dungeon)

   It affects your intelligence (+3).
Jewellery
 j - an amulet of regeneration (around neck)
 p - a ring of poison resistance (left hand)
 v - the ring "Cadghuc" (right hand) {+Blink rF+ MR+}
   (You found it on level 4 of the Dungeon)

   [ring of protection from fire]

   It protects you from fire.
   It affects your resistance to hostile enchantments.
   It lets you blink.
 x - an uncursed ring of ice
 H - an uncursed ring of resist corrosion
Wands
 a - a wand of scattershot (1)
 n - a wand of enslavement (5)
 G - a wand of acid (5)
 N - a wand of flame (19)
Scrolls
 b - a scroll of blinking
 d - 2 scrolls of amnesia
 g - 3 scrolls of fog
 o - 3 scrolls of magic mapping
 q - 2 scrolls of holy word
 t - 3 scrolls of teleportation
 F - a scroll of enchant weapon
 I - a scroll of remove curse
 O - a scroll of identify
Potions
 e - 5 potions of heal wounds
 h - 9 potions of curing
 k - a potion of might
 l - 2 potions of ambrosia {unknown}
 m - 5 potions of flight {unknown}
 r - a potion of resistance
 w - 2 potions of agility
 z - 2 potions of brilliance {unknown}
 B - a potion of berserk rage
 D - a potion of invisibility
 J - a potion of lignification
 M - a potion of haste {unknown}
Comestibles
 c - 19 rations


   Skills:
 + Level 7.9(6.8) Fighting
 - Level 3.0(2.0) Dodging
 - Level 2.0(1.1) Stealth
 + Level 7.6(6.5) Spellcasting
 + Level 10.4(9.3) Conjurations
 - Level 3.0(2.1) Charms
 - Level 3.0(2.1) Necromancy
 + Level 10.4(9.3) Fire Magic
 - Level 4.0(3.0) Invocations
 - Level 4.0(3.0) Evocations


You had 2 spell levels left.
You knew the following spells:

 Your Spells              Type           Power        Failure   Level  Hunger
a - Flame Tongue          Conj/Fire      #####        1%          1    None
b - Conjure Flame         Conj/Fire      #####...     1%          3    #......
c - Sticky Flame          Conj/Fire      #####...     1%          4    ###....
d - Regeneration          Chrm/Necr      ###.......   12%         3    #......
e - Fireball              Conj/Fire      #####.....   5%          5    #####..
f - Orb of Destruction    Conj           #####.....   86%         7    #######

Your spell library contained the following spells:

 Spells                   Type           Power        Failure   Level  Hunger
 Magic Dart               Conj           ####         1%          1    None
 Shock                    Conj/Air       ####         1%          1    None
 Searing Ray              Conj           #####.       1%          2    None
 Throw Flame              Conj/Fire      #####.       1%          2    None
 Animate Skeleton         Necr           N/A          3%          1    None
 Pain                     Necr           ###.         3%          1    None
 Sandblast                Erth           #.....       10%         1    None
 Passwall                 Tmut/Erth      #.......     14%         2    None
 Iskenderun's Mystic Bla  Conj           #####...     1%          4    ###....
 Dazzling Spray           Conj/Hex       ####..       4%          3    #......
 Inner Flame              Hex/Fire       ####....     4%          3    #......
 Stone Arrow              Conj/Erth      ####..       4%          3    #......
 Vampiric Draining        Necr           ###.......   12%         3    #......
 Force Lance              Conj/Tloc      ####....     14%         4    ###....
 Fulminant Prism          Conj/Hex       ####......   14%         4    ###....
 Animate Dead             Necr           N/A          36%         4    ###....
 Venom Bolt               Conj/Pois      ####......   36%         5    #####..
 Petrify                  Tmut/Erth      #.......     67%         4    ###....
 Lee's Rapid Deconstruct  Erth           #.........   95%         5    #####..
 Chain Lightning          Conj/Air       ####......   100%        8    #######


Dungeon Overview and Level Annotations

Branches:
Dungeon (11/15)            Temple (0/1) D:5            Lair (0/6) D:8
    Orc (0/2) D:10          Sewer (visited)

Altars:
Cheibriados
Hepliaklqana
Nemelex Xobeh
Okawaru
Qazlal
Sif Muna
Vehumet
Wu Jian
Beogh

Annotations:
D:8 2 transporters, swagumen's ghost, novice GrEE


Innate Abilities, Weirdness & Mutations

Shadows flee at your approach. (+LOS)
You can swim through water.
You cover ground slowly.
You can hop short distances.


Message History

Confirm with . or Enter, or press ? or * to list all spells.
Aiming: Flame Tongue (safe; 1% risk of failure)
Press: ? - help, Shift-Dir - straight line, f/p - gargoyle
Aim: a gargoyle, wielding a +2 flail of draining (severely damaged, covered in liquid flames)
The flame tongue hits the gargoyle but does no damage.
The gargoyle is severely damaged.
The gargoyle burns!
The gargoyle stops burning.
The gargoyle hurls a stone arrow at you.
The stone arrow misses you.
Casting: Flame Tongue (safe; 1% risk of failure)
Confirm with . or Enter, or press ? or * to list all spells.
Aiming: Flame Tongue (safe; 1% risk of failure)
Press: ? - help, Shift-Dir - straight line, f/p - gargoyle
Aim: a gargoyle, wielding a +2 flail of draining (almost destroyed)
The flame tongue hits the gargoyle but does no damage.
The gargoyle is almost destroyed.
The gargoyle hits you with a +2 flail of draining!!
* * * LOW HITPOINT WARNING * * *
You feel drained.
You die...

#.......#.......8..8.............
........#..........8.............
........#........8.P.............
#........................
#........................
#........................
#........................
.........................
.......9@................
.........................
.........................
#########################


You could see a gargoyle.

Vanquished Creatures
  Harold (D:7)
  An unseen horror (D:11)
  Pikel (D:7)
  A centaur zombie (D:11)
  A gargoyle (D:11)
  2 trolls
  A merfolk (D:10)
  2 wraiths (D:10)
  2 shadows
  4 yaks (D:9)
  A hungry ghost (D:10)
  A swamp drake (D:10)
  4 sky beasts
  7 orc warriors
  An ice beast (D:7)
  A slave (D:6)
  3 phantoms
  2 black bears
  6 ogres
  4 necrophages
  2 centaurs
  3 big kobolds
  7 bullfrogs
  A water moccasin skeleton (D:8)
  5 scorpions
  12 killer bees
  12 wights
  A howler monkey (D:8)
  4 crimson imps
  3 bullfrog zombies
  5 hounds
  A jelly (D:6)
  5 bullfrog skeletons
  16 orc priests
  2 gnoll shamans
  10 orc wizards
  2 centaur skeletons
  3 iguanas
  7 worker ants
  A hound zombie (D:11)
  A howler monkey zombie (D:9)
  2 worker ant zombies (D:5)
  7 gnolls
  10 adders
  A river rat (Sewer)
  3 shadow imps
  4 oozes
  An adder zombie (D:7)
  8 worms
  4 dart slugs (D:1)
  5 leopard geckos
  49 orcs
  5 bats
  7 giant cockroaches
  13 goblins
  4 hobgoblins
  12 jackals
  5 quokkas
  2 ball pythons
  6 frilled lizards
  A jackal skeleton (D:8)
  18 kobolds
  A leopard gecko skeleton (D:7)
  A quokka zombie (D:5)
  17 rats
335 creatures vanquished.

Vanquished Creatures (others)
  7 toadstools (D:1)
7 creatures vanquished.

Grand Total: 342 creatures vanquished

Notes
Turn   | Place    | Note
-------+----------+-------------------------------------------
     0 | D:1      | GordonOverkill the Barachi Fire Elementalist began the
                  | quest for the Orb.
     0 | D:1      | Reached XP level 1. HP: 13/13 MP: 3/3
   305 | D:1      | Reached XP level 2. HP: 19/19 MP: 3/5
   571 | D:1      | Reached XP level 3. HP: 19/24 MP: 1/6
  1370 | D:2      | Found a shimmering blue altar of Sif Muna.
  1376 | D:2      | Became a worshipper of Sif Muna the Loreminder
  1529 | D:2      | You fall into a shaft and drop 1 floor!
  1777 | D:2      | Reached XP level 4. HP: 30/30 MP: 4/8
  1816 | D:2      | Learned a level 3 spell: Conjure Flame
  1821 | D:2      | Learned a level 4 spell: Sticky Flame
  2325 | D:2      | Found a faded altar of an unknown god.
  3057 | D:3      | Reached XP level 5. HP: 35/35 MP: 6/9
  3061 | D:3      | Reached * piety under Sif Muna
  4620 | D:4      | Reached XP level 6. HP: 42/42 MP: 6/10
  4747 | D:4      | Reached skill level 1 in Fighting
  4805 | D:4      | Got a wavering brass ring
  4807 | D:4      | Identified the ring "Cadghuc" {+Blink rF+ MR+} (You found
                  | it on level 4 of the Dungeon)
  4933 | D:4      | Reached skill level 1 in Invocations
  5234 | D:4      | Got a pair of ancient gloves
  5240 | D:4      | Identified the cursed +0 pair of gloves of the Imp {Int+3}
                  | (You found it on level 4 of the Dungeon)
  5250 | D:4      | Learned a level 3 spell: Regeneration
  5375 | D:4      | Found a snail-covered altar of Cheibriados.
  5402 | D:5      | Entered Level 5 of the Dungeon
  5850 | D:5      | Reached XP level 7. HP: 50/50 MP: 9/12
  6639 | D:5      | Found a sparkling altar of Nemelex Xobeh.
  6736 | D:5      | Found a staircase to the Ecumenical Temple.
  6801 | D:5      | Reached ** piety under Sif Muna
  7069 | D:6      | Reached skill level 5 in Conjurations
  7069 | D:6      | Reached skill level 5 in Fire Magic
  7476 | D:6      | Reached XP level 8. HP: 39/58 MP: 12/14
  7538 | D:6      | Reached skill level 1 in Charms
  7538 | D:6      | Reached skill level 1 in Necromancy
  7606 | D:6      | Found a glowing drain.
  7606 | D:6      | You fall into a shaft and drop 3 floors!
  7675 | D:6      | Found a radiant altar of Vehumet.
  7727 | Sewer    | Entered a sewer
  7959 | Sewer    | Found a white marble altar of Elyvilon.
  8173 | D:6      | Got a wavering granite ring
  8175 | D:6      | Identified the cursed ring of Hiebraj {EV-2 Slay+2} (You
                  | found it on level 6 of the Dungeon)
  9346 | D:7      | Reached XP level 9. HP: 66/66 MP: 13/16
  9349 | D:7      | Reached skill level 5 in Fighting
  9412 | D:7      | Learned a level 5 spell: Fireball
  9435 | D:7      | Noticed Harold
  9453 | D:7      | Killed Harold
  9453 | D:7      | Reached skill level 5 in Spellcasting
  9558 | D:7      | Noticed Pikel
  9679 | D:7      | Found an iron altar of Okawaru.
  9876 | D:7      | Reached *** piety under Sif Muna
 10013 | D:7      | Reached skill level 1 in Evocations
 10114 | D:7      | Killed Pikel
 10114 | D:7      | Reached XP level 10. HP: 38/75 MP: 4/19
 11085 | D:8      | Noticed swagumen's ghost (novice GrEE)
 11088 | D:8      | Identified the cursed +0 great mace of Dismay {holy, rF+
                  | rN+}
 11088 | D:8      | Identified the +5 dire flail "Dikunusi" {pain, MR++ Str-4
                  | Dex+4 SInv}
 11088 | D:8      | Noticed a two-headed ogre
 11166 | D:8      | Found a staircase to the Lair.
 11743 | D:8      | Found a transporter.
 11753 | D:8      | Found an ornate altar of the Wu Jian Council.
 12039 | D:8      | Got a transparent mace
 12040 | D:8      | Identified the +5 mace of Ositiod {crush, rElec Dex-4
                  | Stlth+} (You found it on level 8 of the Dungeon)
 12127 | D:8      | Found a transporter.
 12187 | D:9      | Found a stormy altar of Qazlal.
 12690 | D:9      | Found a hazy altar of Hepliaklqana.
 12937 | D:9      | Reached **** piety under Sif Muna
 13349 | D:9      | Reached XP level 11. HP: 65/83 MP: 4/21
 13464 | D:9      | Found a roughly hewn altar of Beogh.
 13661 | D:10     | Entered Level 10 of the Dungeon
 14676 | D:10     | Found a staircase to the Orcish Mines.
 14705 | D:10     | Reached skill level 10 in Conjurations
 14705 | D:10     | Reached skill level 10 in Fire Magic
 15499 | D:11     | Identified the +0 great mace of Disgust {elec, rPois Int+4}
 15766 | D:11     | HP: 4/83 [orc/+0 mace (7)]
 15891 | D:11     | Reached ***** piety under Sif Muna
 15958 | D:11     | Identified Sif Muna's Catalogue of Attacks (Sif Muna gifted
                  | it to you on level 11 of the Dungeon)
 15958 | D:11     | Received a gift from Sif Muna
 15970 | D:11     | Learned a level 7 spell: Orb of Destruction
 17025 | D:11     | Noticed an unseen horror
 17028 | D:11     | Killed an unseen horror
 17095 | D:11     | Slain by a gargoyle

Levels and vault maps discovered:
D:1:      nagdon_arrival_double_spiral, layout_basic
D:2:      minmay_spotlight, layout_basic, led_sif_pool,
          chequers_ecumenical_altar_simple_redux, roderic_serpentine_path
D:3:      layout_basic, first_ration, minmay_goblin_outpost
D:4:      layout_basic, cheibriados_altar_1
D:5:      layout_loops_corners, marbit_many_paths, temple_statues,
          kennysheep_decorative_pillar, corexii_corridor_pit
D:6:      layout_basic, vehumet_crystals, cheibrodos_sewer_entry_bend,
          kennysheep_opposing_triangles
D:7:      layout_cave_pools, overflow_temple_1_default, uniq_harold, uniq_pikel
D:8:      layout_basic, nicolae_overflow_crystal_walls, lair_entry_dummy,
          gammafunk_ghost_smash
D:9:      layout_roguey, old_standard_altar, basic_altar,
          david_defended_altar_orc
D:10:     layout_stronghold, erik_orc_1, hangedman_fish_farm
D:11:     layout_grid_maze, serial_undead, serial_undead_c, serial_undead_c,
          serial_undead_d, serial_undead_d, st_stairs_13

Skill      XL: |  1  2  3  4  5  6  7  8  9 10 11 |
---------------+----------------------------------+-----
Stealth        | 2 |  2.0
Conjurations   | 2 3 4 5 7 9 10 | 10.4
Dodging        | 3 |  3.0
Fire Magic     | 4 5 7 9 10 | 10.4
Spellcasting   | 3 4 6 7 |  7.6
Fighting       | 2 3 4 5 7 |  7.9
Invocations    | 1 3 4 |  4.0
Charms         | 3 |  3.0
Necromancy     | 2 3 |  3.0
Evocations     | 2 4 |  4.0

Action                   |  1- 3 |  4- 6 |  7- 9 | 10-12 || total
-------------------------+-------+-------+-------+-------++-------
Melee: Whip              |     7 |       |       |    89 ||    96
       Spear             |       |    10 |   126 |       ||   136
       Mace              |       |       |       |    99 ||    99
 Fire: Hunting sling     |       |    44 |    94 |    15 ||   153
Throw: Stone             |     1 |    28 |    11 |     4 ||    44
       Boomerang         |       |       |       |     3 ||     3
 Cast: Flame Tongue      |    67 |   124 |   179 |   231 ||   601
       Conjure Flame     |       |     4 |     6 |     4 ||    14
       Sticky Flame      |       |     2 |    20 |    74 ||    96
       Fireball          |       |       |       |    19 ||    19
       Regeneration      |       |       |       |     1 ||     1
Invok: Channel Magic     |       |       |     1 |     3 ||     4
 Abil: Hop               |       |       |     2 |     2 ||     4
Evoke: Wand              |       |       |     1 |     3 ||     4
  Use: Scroll            |       |     3 |     9 |     5 ||    17
       Potion            |       |     1 |       |     1 ||     2
  Eat: Chunk             |     4 |    11 |    16 |    28 ||    59
       Ration            |       |     1 |     1 |     4 ||     6
Armor: Robe              |     7 |     6 |    22 |    84 ||   119
Dodge: Dodged            |    23 |    36 |   136 |   234 ||   429

Table legend:
 A = Non-vault XP
 B = Vault XP
 C = Vault XP percentage of total XP
 D = Non-vault monster count
 E = Vault monster count
 F = Vault count percentage of total count
                 A         B        C        D         E       F
            +---------+---------+-------+---------+---------+-------
      Total |   11640 |    4216 |  26.6 |     271 |      63 |  18.9
            +---------+---------+-------+---------+---------+-------
        D:1 |      57 |       0 |   0.0 |      28 |       0 |   0.0
        D:2 |      74 |      13 |  14.9 |      18 |       6 |  25.0
        D:3 |     159 |      10 |   5.9 |      25 |       5 |  16.7
        D:4 |     100 |       0 |   0.0 |       8 |       0 |   0.0
        D:5 |     726 |      12 |   1.6 |      23 |       1 |   4.2
        D:6 |     633 |     247 |  28.1 |      17 |       7 |  29.2
        D:7 |    1457 |    1669 |  53.4 |      28 |       2 |   6.7
        D:8 |    1356 |       0 |   0.0 |      28 |       0 |   0.0
        D:9 |    2786 |     124 |   4.3 |      36 |       3 |   7.7
       D:10 |    1949 |    1031 |  34.6 |      36 |      20 |  35.7
       D:11 |    2343 |     991 |  29.7 |      24 |      10 |  29.4
      Sewer |       0 |     119 | 100.0 |       0 |       9 | 100.0
            +---------+---------+-------+---------+---------+-------
